SL
THUNDER BAY NORTHERN LIONS BC @ GREENVILLE 84S
08/08/2041
 
TOP OF THE 1ST
Thunder Bay Northern Lions BC batting - Pitching for Greenville 84s : RHP Jesús Silva
Pitching: RHP Jesús Silva
Batting: LHB Ramón Padilla 0-0: SINGLE (Groundball, 6MD, EV 95.0 MPH)
Batting: RHB Charles Josse 0-0: Ball
1-0: Fielders Choice at 2nd, 6-4 (Groundball, 6, EV 88.1 MPH)
Batting: LHB Keaton Kringlen 0-0: Called Strike
0-1: Ball
1-1: Ball
2-1: Fly out, F8 (Flyball, 89M, EV 96.9 MPH)
Batting: LHB Sébastien Cornu 0-0: Ball
Charles Josse steals 2nd base
1-0: Ball
2-0: Ball
3-0: Called Strike
3-1: Called Strike
3-2: Strikes out swinging
Top of the 1st over - 0 runs, 1 hit, 0 errors, 1 left on base; Thunder Bay 0 - Greenville 0
BOTTOM OF THE 1ST
Greenville 84s batting - Pitching for Thunder Bay Northern Lions BC : RHP Jean-Marie Beck
Pitching: RHP Jean-Marie Beck
Batting: SHB Glyn Bolasky 0-0: Called Strike
0-1: Ball
1-1: Foul Ball, location: 2F
1-2: Ball
2-2: Foul Ball, location: 2F
2-2: Foul Ball, location: 2F
2-2: Strikes out looking
Batting: LHB Philip Visscher 0-0: Ball
1-0: Ball
2-0: Called Strike
2-1: Ball
3-1: Foul Ball, location: 2F
3-2: Base on Balls
Batting: RHB Ángelo Delgado 0-0: Swinging Strike
0-1: Foul Ball, location: 2F
0-2: Ball
1-2: Grounds into double play, 2-6-3 (Groundball, 2R, EV 68.1 MPH)
Bottom of the 1st over - 0 runs, 0 hits, 0 errors, 0 left on base; Thunder Bay 0 - Greenville 0
TOP OF THE 2ND
Thunder Bay Northern Lions BC batting - Pitching for Greenville 84s : RHP Jesús Silva
Batting: LHB Yao-pang Chiang 0-0: Foul Ball, location: 2F
0-1: Ball
1-1: Called Strike
1-2: Ground out U3 (Groundball, 3S, EV 73.8 MPH)
Batting: RHB Griffin Woodfinlevine 0-0: Ball
1-0: Ball
2-0: Ball
3-0: Called Strike
3-1: Base on Balls
Batting: RHB Curf Pierstisnips 0-0: Fly out, F8 (Line Drive, 8LM, EV 86.2 MPH)
Batting: RHB Dragoljub Kandic 0-0: Called Strike
0-1: Foul Ball, location: 2F
0-2: Ball
1-2: Strikes out looking
Top of the 2nd over - 0 runs, 0 hits, 0 errors, 1 left on base; Thunder Bay 0 - Greenville 0
BOTTOM OF THE 2ND
Greenville 84s batting - Pitching for Thunder Bay Northern Lions BC : RHP Jean-Marie Beck
Batting: LHB Chris Payling 0-0: Ground out 5-3 (Groundball, 56, EV 87.5 MPH)
Batting: RHB Gil Andersen 0-0: Called Strike
0-1: Ball
1-1: SINGLE (Groundball, 56D, EV 105.6 MPH)
Batting: LHB Roberts Hamhock 0-0: Called Strike
0-1: Ball
1-1: Ball
2-1: Called Strike
2-2: Foul Ball, location: 2F
2-2: Ball
3-2: Foul Ball, location: 2F
3-2: Base on Balls
Gil Andersen to second
Batting: RHB António Macías 0-0: Grounds into double play, 6-4-3 (Groundball, 6, EV 84.4 MPH)
Bottom of the 2nd over - 0 runs, 1 hit, 0 errors, 1 left on base; Thunder Bay 0 - Greenville 0
TOP OF THE 3RD
Thunder Bay Northern Lions BC batting - Pitching for Greenville 84s : RHP Jesús Silva
Batting: SHB Takeshi Kovacs 0-0: Ball
1-0: Ball
2-0: Foul Ball, location: 2F
2-1: Ball
3-1: Fly out, F8 (Flyball, 8LM, EV 87.5 MPH)
Batting: LHB Ramón Padilla 0-0: Called Strike
0-1: Called Strike
0-2: Ball
1-2: Foul Ball, location: 2F
1-2: Strikes out swinging
Batting: RHB Charles Josse 0-0: Ground out 5-3 (Groundball, 56, EV 106.2 MPH)
Top of the 3rd over - 0 runs, 0 hits, 0 errors, 0 left on base; Thunder Bay 0 - Greenville 0
BOTTOM OF THE 3RD
Greenville 84s batting - Pitching for Thunder Bay Northern Lions BC : RHP Jean-Marie Beck
Batting: LHB Lung Chaim 0-0: Ball
1-0: Called Strike
1-1: Ground out 4-3 (Groundball, 4, EV 82.5 MPH)
Batting: RHB Freedon Akinmoladun 0-0: Ball
1-0: Called Strike
1-1: Foul Ball, location: 2F
1-2: Ground out 5-3 (Groundball, 5S, EV 76.2 MPH)
Batting: SHB Glyn Bolasky 0-0: Foul Ball, location: 2F
0-1: Ball
1-1: Ball
2-1: Ground out 1-3 (Groundball, 13S, EV 69.4 MPH)
Bottom of the 3rd over - 0 runs, 0 hits, 0 errors, 0 left on base; Thunder Bay 0 - Greenville 0
TOP OF THE 4TH
Thunder Bay Northern Lions BC batting - Pitching for Greenville 84s : RHP Jesús Silva
Batting: LHB Keaton Kringlen 0-0: Ball
1-0: Ball
2-0: Swinging Strike
2-1: Swinging Strike
2-2: Strikes out swinging
Batting: LHB Sébastien Cornu 0-0: Called Strike
0-1: Swinging Strike
0-2: Ball
1-2: Foul Ball, location: 2F
1-2: Ball
2-2: SOLO HOME RUN (Flyball, 7D, EV 101.2 MPH), Distance : 385 ft
Batting: LHB Yao-pang Chiang 0-0: Ball
1-0: Called Strike
1-1: Swinging Strike
1-2: Strikes out looking
Batting: RHB Griffin Woodfinlevine 0-0: Fly out, F5 (Line Drive, 5, EV 76.2 MPH)
Top of the 4th over - 1 run, 1 hit, 0 errors, 0 left on base; Thunder Bay 1 - Greenville 0
BOTTOM OF THE 4TH
Greenville 84s batting - Pitching for Thunder Bay Northern Lions BC : RHP Jean-Marie Beck
Batting: LHB Philip Visscher 0-0: SOLO HOME RUN (Flyball, 9D, EV 91.9 MPH), Distance : 373 ft
Batting: RHB Ángelo Delgado 0-0: Called Strike
0-1: Ball
1-1: Swinging Strike
1-2: Strikes out swinging
Batting: LHB Chris Payling 0-0: Ball
1-0: Foul Ball, location: 2F
1-1: Ball
2-1: Foul Ball, location: 2F
2-2: Fly out, F9 (Flyball, 9LMF, EV 109.4 MPH)
Batting: RHB Gil Andersen 0-0: Foul Ball, location: 2F
0-1: Ball
1-1: Ball
2-1: Foul Ball, location: 2F
2-2: Ball
3-2: Base on Balls
Batting: LHB Roberts Hamhock 0-0: Ball
1-0: Called Strike
1-1: Ball
2-1: Foul Ball, location: 2F
2-2: Ball
3-2: Base on Balls
Gil Andersen to second
Batting: RHB António Macías 0-0: Called Strike
0-1: Called Strike
0-2: Ball
1-2: Strikes out swinging
Bottom of the 4th over - 1 run, 1 hit, 0 errors, 2 left on base; Thunder Bay 1 - Greenville 1
TOP OF THE 5TH
Thunder Bay Northern Lions BC batting - Pitching for Greenville 84s : RHP Jesús Silva
Batting: RHB Curf Pierstisnips 0-0: Called Strike
0-1: Fly out, F9 (Flyball, 89D, EV 82.5 MPH)
Batting: RHB Dragoljub Kandic 0-0: Ground out 5-3 (Groundball, 5, EV 102.5 MPH)
Batting: SHB Takeshi Kovacs 0-0: Foul Ball, location: 2F
0-1: Fly out, F8 (Flyball, 8LD, EV 78.1 MPH)
Top of the 5th over - 0 runs, 0 hits, 0 errors, 0 left on base; Thunder Bay 1 - Greenville 1
BOTTOM OF THE 5TH
Greenville 84s batting - Pitching for Thunder Bay Northern Lions BC : RHP Jean-Marie Beck
Batting: LHB Lung Chaim 0-0: SINGLE (Line Drive, 6M, EV 100.0 MPH)
Batting: RHB Freedon Akinmoladun 0-0: Ball
1-0: Fly out, F9 (Flyball, 9S, EV 88.8 MPH)
Batting: SHB Glyn Bolasky 0-0: Ball
1-0: Ball
2-0: Ball
3-0: Called Strike
3-1: Foul Ball, location: 2F
Balk!
Lung Chaim to second
3-2: Foul Ball, location: 2F
3-2: Fly out, F9 (Flyball, 9LMF, EV 91.2 MPH)
Batting: LHB Philip Visscher 0-0: Fly out, F9 (Flyball, 89S, EV 78.8 MPH)
Bottom of the 5th over - 0 runs, 1 hit, 0 errors, 1 left on base; Thunder Bay 1 - Greenville 1
TOP OF THE 6TH
Thunder Bay Northern Lions BC batting - Pitching for Greenville 84s : RHP Jesús Silva
Batting: LHB Ramón Padilla 0-0: Ball
1-0: SINGLE (Line Drive, 56D, EV 101.2 MPH)
Batting: RHB Charles Josse 0-0: Ball
1-0: Bunted foul
1-1: Ball
2-1: Bunted foul
2-2: Foul Ball, location: 2F
2-2: Fly out, F6 (Popup, 4MS, EV 37.5 MPH)
Batting: LHB Keaton Kringlen 0-0: Called Strike
Ramón Padilla steals 2nd base
0-1: Called Strike
0-2: Ball
1-2: Ground out 4-3 (Groundball, 4, EV 85.6 MPH)
Ramón Padilla to third
Batting: LHB Sébastien Cornu 0-0: Called Strike
0-1: Swinging Strike
0-2: Ball
1-2: Strikes out looking
Top of the 6th over - 0 runs, 1 hit, 0 errors, 1 left on base; Thunder Bay 1 - Greenville 1
BOTTOM OF THE 6TH
Greenville 84s batting - Pitching for Thunder Bay Northern Lions BC : RHP Jean-Marie Beck
Batting: RHB Ángelo Delgado 0-0: Ball
1-0: Foul Ball, location: 2F
1-1: Swinging Strike
1-2: Ball
2-2: Ball
3-2: Foul Ball, location: 2F
3-2: Fly out, F9 (Flyball, 9LS, EV 91.9 MPH)
Batting: LHB Chris Payling 0-0: Called Strike
0-1: Ball
1-1: Foul Ball, location: 2F
1-2: Strikes out swinging
Batting: RHB Gil Andersen 0-0: Ground out 4-3 (Groundball, 4, EV 80.6 MPH)
Bottom of the 6th over - 0 runs, 0 hits, 0 errors, 0 left on base; Thunder Bay 1 - Greenville 1
TOP OF THE 7TH
Thunder Bay Northern Lions BC batting - Pitching for Greenville 84s : RHP Jesús Silva
Batting: LHB Yao-pang Chiang 0-0: Ball
1-0: Ball
2-0: Called Strike
2-1: Foul Ball, location: 2F
2-2: Ball
3-2: Base on Balls
Pitching: RHP Dave Lawson
Batting: RHB Griffin Woodfinlevine 0-0: Sac Bunt to 2L - play at first, batter OUT! 2-4
Yao-pang Chiang to second
Batting: RHB Curf Pierstisnips 0-0: Ball
1-0: Called Strike
1-1: Ball
2-1: Swinging Strike
2-2: Strikes out looking
Batting: RHB Dragoljub Kandic 0-0: Ball
1-0: Foul Ball, location: 2F
1-1: Foul Ball, location: 2F
1-2: Strikes out looking
Top of the 7th over - 0 runs, 0 hits, 0 errors, 1 left on base; Thunder Bay 1 - Greenville 1
BOTTOM OF THE 7TH
Greenville 84s batting - Pitching for Thunder Bay Northern Lions BC : RHP Jean-Marie Beck
Batting: LHB Roberts Hamhock 0-0: Called Strike
0-1: Called Strike
0-2: Ground out 4-3 (Groundball, 4, EV 79.4 MPH)
Batting: RHB António Macías 0-0: Ball
1-0: Ball
2-0: TRIPLE (Flyball, 9LD, EV 108.1 MPH)
Batting: LHB Lung Chaim 0-0: Intentional Walk
Pitching: RHP Miguel Rodríguez
Batting: RHB Freedon Akinmoladun 0-0: Called Strike
0-1: Ground out U3 (Groundball, 34S, EV 81.2 MPH)
Lung Chaim to second
Batting: SHB Glyn Bolasky 0-0: Called Strike
0-1: Ball
1-1: Called Strike
1-2: Strikes out swinging
Bottom of the 7th over - 0 runs, 1 hit, 0 errors, 2 left on base; Thunder Bay 1 - Greenville 1
TOP OF THE 8TH
Thunder Bay Northern Lions BC batting - Pitching for Greenville 84s : RHP Dave Lawson
Batting: SHB Takeshi Kovacs 0-0: Ball
1-0: Called Strike
1-1: Ball
2-1: Foul Ball, location: 2F
2-2: Foul Ball, location: 2F
2-2: Foul Ball, location: 2F
2-2: Ball
3-2: Fly out, F8 (Line Drive, 8RM, EV 86.2 MPH)
Batting: LHB Ramón Padilla 0-0: Swinging Strike
0-1: Called Strike
0-2: Ball
1-2: Ball
2-2: Ball
3-2: Fly out, F9 (Flyball, 9D, EV 105.0 MPH)
Batting: RHB Charles Josse 0-0: Ball
1-0: Ball
2-0: Fly out, F7 (Flyball, 7LS, EV 88.8 MPH)
Top of the 8th over - 0 runs, 0 hits, 0 errors, 0 left on base; Thunder Bay 1 - Greenville 1
BOTTOM OF THE 8TH
Greenville 84s batting - Pitching for Thunder Bay Northern Lions BC : RHP Miguel Rodríguez
Pitching: LHP Peace Addo
Batting: LHB Philip Visscher 0-0: SINGLE (Line Drive, 6M, EV 97.5 MPH)
Batting: RHB Ángelo Delgado 0-0: Ball
1-0: Ball
2-0: Ball
3-0: Called Strike
3-1: Fly out, F8 (Line Drive, 8RD, EV 103.8 MPH)
Batting: LHB Chris Payling 0-0: Called Strike
0-1: Swinging Strike
0-2: Ball
1-2: Strikes out swinging
Batting: RHB Gil Andersen 0-0: Called Strike
0-1: Ball
1-1: Ball
2-1: Called Strike
2-2: Ball
3-2: Foul Ball, location: 2F
3-2: Strikes out looking
Bottom of the 8th over - 0 runs, 1 hit, 0 errors, 1 left on base; Thunder Bay 1 - Greenville 1
TOP OF THE 9TH
Thunder Bay Northern Lions BC batting - Pitching for Greenville 84s : RHP Dave Lawson
Batting: LHB Keaton Kringlen 0-0: Ground out 4-3 (Groundball, 4, EV 81.2 MPH)
Batting: LHB Sébastien Cornu 0-0: Swinging Strike
0-1: Ball
1-1: Swinging Strike
1-2: Ball
2-2: Ball
3-2: Ground out U3 (Groundball, 3L, EV 88.1 MPH)
Batting: LHB Yao-pang Chiang 0-0: Ball
1-0: Ground out 6-3 (Groundball, 6, EV 96.9 MPH)
Top of the 9th over - 0 runs, 0 hits, 0 errors, 0 left on base; Thunder Bay 1 - Greenville 1
BOTTOM OF THE 9TH
Greenville 84s batting - Pitching for Thunder Bay Northern Lions BC : LHP Peace Addo
Batting: LHB Roberts Hamhock 0-0: Called Strike
0-1: Swinging Strike
0-2: Foul Ball, location: 2F
0-2: Strikes out swinging
Batting: RHB António Macías 0-0: Called Strike
0-1: Called Strike
0-2: Ball
1-2: Ball
2-2: Fly out, F9 (Flyball, 9S, EV 85.6 MPH)
Batting: LHB Lung Chaim 0-0: DOUBLE (Flyball, 8LXD, EV 105.6 MPH)
Batting: RHB Freedon Akinmoladun 0-0: Intentional Walk
Pinch Hitting: RHB Yehonatan Chazan 0-0: Foul Ball, location: 2F
0-1: Ball
1-1: Ball
2-1: Ball
3-1: Base on Balls
Lung Chaim to third
Freedon Akinmoladun to second
Batting: LHB Philip Visscher 0-0: Foul Ball, location: 2F
0-1: Ball
1-1: Ball
2-1: Foul Ball, location: 2F
2-2: Foul Ball, location: 2F
2-2: Ball
3-2: Reached on error, E9 (Flyball, 89S, EV 85.0 MPH)
Lung Chaim scores
Tuesday, January 5th, 2021 - OOTP Baseball 20.8 Build 74